Oilers vs Stars

Created - 18 octobre 2020 at 21:09

Simulating a Pre-Season

Goals
1 2 3 T
Oilers 2 0 2 4
Stars 0 1 0 1
Shots
1 2 3 T
Oilers 12 7 8 27
Stars 8 14 18 40

1st period

1. Oilers , Ryan Getzlaf 3 (Yanni Gourde 4, Vladislav Gavrikov 3) at 6:04
2. Oilers , Ryan Johansen 5 (Brent Burns 7, Jacob Trouba 11) at 10:33

Penalties :
Jon Marchessault (DAL) for Hooking (Minor) at 11:10, Adam Lowry (EDM) for Tripping (Minor) at 16:22

2nd period

3. Stars , Sami Vatanen 1 (Tyler Toffoli 5, John Klingberg 8) at 2:34 (PP)

Penalties :
Yanni Gourde (EDM) for Holding (Minor) at 2:18, Adam Lowry (EDM) for Roughing (Minor) at 17:13

3rd period

4. Oilers , Adam Lowry 2 (Pavel Buchnevich 4, Vladislav Gavrikov 4) at 3:31
5. Oilers , Ryan Getzlaf 4 (Mark Pysyk 4, Brent Burns 8) at 14:55

Penalties :
Justin Braun (EDM) for Slashing (Minor) at 10:51

Goalie Stats

Robin Lehner (EDM), 39 saves from 40 shots - (0,975), W, 4-2-0, 60:00 minutes
Darcy Kuemper (DAL), 23 saves from 27 shots - (0,852), L, 4-2-1, 60:00 minutes

Players Stats for Oilers

Player Name              G  A  P  +/- PIM S  H  SB GA TA FO     MP     PP MP  PK MP  
------------------------------------------------------------------------------------
Adam Lowry               1  0  1   1  4   1  5  0  0  0  7/15   10:44   0:00   0:15 
Alexander Kerfoot        0  0  0   0  0   1  0  0  0  0  0/2     8:01   0:00   2:08 
Andreas Athanasiou       0  0  0   0  0   1  1  0  0  0  3/10   10:23   0:00   4:30 
Barrett Hayton           0  0  0   0  0   0  1  0  0  0  3/7     7:06   0:52   0:21 
Brent Burns              0  2  2   2  0   0  2  7  0  0  0/0    23:55   0:52   3:18 
Evander Kane             0  0  0   1  0   0  7  0  0  0  0/1    20:38   1:07   3:46 
Gustav Nyquist           0  0  0   1  0   2  0  0  0  0  0/0    18:18   1:07   1:26 
Jacob Trouba             0  1  1   1  0   2  5  7  0  0  0/0    26:24   0:52   3:31 
Jason Zucker             0  0  0   1  0   2  0  0  0  0  0/1    10:31   0:00   0:00 
Joe Pavelski             0  0  0   2  0   1  0  0  0  0  1/3    19:39   0:00   0:00 
Justin Braun             0  0  0   1  2   0  1  1  0  0  0/0    12:52   0:00   0:50 
Mark Pysyk               0  1  1   1  0   0  2  0  0  0  0/0    19:48   0:00   2:33 
Pavel Buchnevich         0  1  1   2  0   2  0  0  0  0  0/0    11:00   0:00   0:00 
Ryan Getzlaf             2  0  2   2  0   5  1  0  0  0  8/19   20:46   1:07   0:00 
Ryan Johansen            1  0  1   1  0   3  0  0  0  0  16/24  16:37   0:52   0:00 
Travis Hamonic           0  0  0   0  0   1  0  0  0  0  0/0    23:20   1:07   2:08 
Vladislav Gavrikov       0  2  2   2  0   1  2  0  0  0  0/0    13:11   1:07   0:06 
Yanni Gourde             0  1  1   2  2   5  1  0  0  0  2/2    20:30   0:52   0:00 

Players Stats for Stars

Player Name              G  A  P  +/- PIM S  H  SB GA TA FO     MP     PP MP  PK MP  
------------------------------------------------------------------------------------
Darnell Nurse            0  0  0  -1  0   0  2  2  0  0  0/0    25:36   3:03   1:05 
Derick Brassard          0  0  0  -1  0   2  3  0  0  0  6/16   10:44   0:00   0:00 
Duncan Keith             0  0  0  -1  0   2  0  2  0  0  0/0    25:25   3:03   0:54 
Evgenii Dadonov          0  0  0  -1  0   1  0  0  0  0  1/2    19:54   3:42   0:00 
Ilya Mikheyev            0  0  0  -1  0   1  1  1  0  0  0/1    11:38   0:00   0:54 
James van Riemsdyk       0  0  0  -2  0   5  0  1  0  0  0/0    20:42   2:31   0:00 
John Klingberg           0  1  1  -2  0   2  2  3  0  0  0/0    21:45   3:10   1:05 
Jon Marchessault         0  0  0  -2  2   1  3  0  0  0  0/1    20:41   2:31   0:00 
Josh Leivo               0  0  0  -1  0   4  0  0  0  0  0/0    10:44   0:00   0:00 
Matthew Nieto            0  0  0   0  0   0  0  0  0  0  1/1     7:46   0:00   1:05 
Mattias Ekholm           0  0  0  -2  0   0  4  0  0  0  0/0    18:24   0:00   0:54 
Nazem Kadri              0  0  0  -1  0   8  9  1  0  0  17/28  18:59   2:47   0:00 
Pat Maroon               0  0  0   0  0   1  3  0  0  0  1/1     6:41   0:00   0:00 
Sami Vatanen             1  0  1  -1  0   4  1  0  0  0  0/0    16:00   3:10   0:00 
Scott Mayfield           0  0  0  -1  0   1  1  0  0  0  0/0    12:50   0:00   0:00 
Sidney Crosby            0  0  0  -2  0   3  2  0  0  0  16/24  22:31   3:26   0:54 
Teddy Blueger            0  0  0   0  0   2  0  1  0  0  2/8     7:46   0:00   1:05 
Tyler Toffoli            0  1  1  -1  0   3  2  0  0  0  0/2    19:54   3:42   0:00 

3 Stars

1 - Robin Lehner (EDM)
2 - Ryan Getzlaf (EDM)
3 - Brent Burns (EDM)

Power Play

Oilers - 0 on 1 Attempt(s) - 0,00%
Stars - 1 on 4 Attempt(s) - 25,00%

Penalty Kill

Oilers - 3 on 4 Attempt(s) - 75,00% - Score 0 goal in Penalty Kill
Stars - 1 on 1 Attempt(s) - 100,00% - Score 0 goal in Penalty Kill

Team Stat

Oilers - Hits : 28 - Faceoff Wins : 40 - Blocked Shots : 15 - Penalty Minutes : 8
Stars - Hits : 33 - Faceoff Wins : 44 - Blocked Shots : 11 - Penalty Minutes : 2

Official

Referees : Pierre Lambert and TJ Luxmore
Linesman : Derek Amell and Derek Nansen

Game Notes

No Game Note

% Time on Ice - Oilers

Lines # - Real PCT - Wanted PCT - Time Play
Normal Forward
1 - 38% - 40% - 19:39
2 - 30% - 30% - 15:45
3 - 20% - 20% - 10:31
4 - 11% - 10% - 5:53
Normal Defense
1 - 36% - 40% - 18:47
2 - 33% - 30% - 17:15
3 - 24% - 20% - 12:32
4 - 6% - 10% - 3:14
PP Forward
1 - 44% - 60% - 0:52
2 - 56% - 40% - 1:07
PP Defense
1 - 44% - 60% - 0:52
2 - 56% - 40% - 1:07
PK Forward
1 - 77% - 60% - 4:47
2 - 23% - 40% - 1:26
PK Defense
1 - 41% - 60% - 2:33
2 - 59% - 40% - 3:40
PK3 Forward
1 - 0% - 60%
2 - 0% - 40%
PK3 Defense
1 - 0% - 60%
2 - 0% - 40%
44 Forward
1 - 0% - 60%
2 - 0% - 40%
44 Defense
1 - 0% - 60%
2 - 0% - 40%
Last Minute Offensive  - 0:00
Last Minute Defensive  - 0:00
Total
Forward - 60:00
Defense - 60:00

% Time on Ice - Stars

Lines # - Real PCT - Wanted PCT - Time Play
Normal Forward
1 - 35% - 37% - 18:11
2 - 31% - 31% - 16:12
3 - 21% - 21% - 10:44
4 - 13% - 11% - 6:41
Normal Defense
1 - 38% - 40% - 19:55
2 - 34% - 30% - 17:30
3 - 25% - 20% - 12:50
4 - 3% - 10% - 1:33
PP Forward
1 - 60% - 60% - 3:42
2 - 40% - 40% - 2:31
PP Defense
1 - 51% - 60% - 3:10
2 - 49% - 40% - 3:03
PK Forward
1 - 55% - 60% - 1:05
2 - 45% - 40% - 0:54
PK Defense
1 - 45% - 60% - 0:54
2 - 55% - 40% - 1:05
PK3 Forward
1 - 0% - 60%
2 - 0% - 40%
PK3 Defense
1 - 0% - 60%
2 - 0% - 40%
44 Forward
1 - 0% - 60%
2 - 0% - 40%
44 Defense
1 - 0% - 60%
2 - 0% - 40%
Last Minute Offensive  - 0:00
Last Minute Defensive  - 0:00
Total
Forward - 60:00
Defense - 60:00

Play-by-Play

1st period


0:01 of 1st period - Sidney Crosby wins face-off versus Ryan Getzlaf in neutral zone.
0:38 of 1st period - Shot by James van Riemsdyk.
0:38 of 1st period - Stopped by Robin Lehner with a rebound.
0:40 of 1st period - Shot by James van Riemsdyk.
0:40 of 1st period - Shot Misses the Net.
1:23 of 1st period - Nazem Kadri is hit by Jacob Trouba and loses puck.
1:41 of 1st period - Icing by Jacob Trouba.
1:42 of 1st period - Joe Pavelski wins face-off versus Teddy Blueger in Oilers zone.
1:49 of 1st period - Teddy Blueger is hit by Yanni Gourde and loses puck.
2:36 of 1st period - Duncan Keith is hit by Evander Kane and loses puck.
3:12 of 1st period - Josh Leivo is hit by Mark Pysyk and loses puck.
3:36 of 1st period - Sidney Crosby is hit by Brent Burns and loses puck.
3:39 of 1st period - Shot by James van Riemsdyk.
3:39 of 1st period - Shot Blocked by Brent Burns.
3:51 of 1st period - Shot by Sidney Crosby.
3:51 of 1st period - Stopped by Robin Lehner without a rebound.
3:52 of 1st period - Nazem Kadri wins face-off versus Adam Lowry in Oilers zone.
4:11 of 1st period - Shot by Pavel Buchnevich.
4:11 of 1st period - Stopped by Darcy Kuemper with a rebound.
4:25 of 1st period - Justin Braun is hit by Scott Mayfield and loses puck.
5:09 of 1st period - Matthew Nieto is hit by Barrett Hayton.
5:41 of 1st period - Shot by Yanni Gourde.
5:41 of 1st period - Shot Blocked by John Klingberg.
6:04 of 1st period - Shot by Ryan Getzlaf.
6:04 of 1st period - Goal by Ryan Getzlaf - Oilers : 1 - Stars : 0.
6:05 of 1st period - Barrett Hayton wins face-off versus Derick Brassard in neutral zone.
7:05 of 1st period - Yanni Gourde is hit by Darnell Nurse and loses puck.
7:18 of 1st period - Evander Kane is hit by Nazem Kadri and loses puck.
7:27 of 1st period - Shot by Evgenii Dadonov.
7:27 of 1st period - Shot Blocked by Brent Burns.
7:29 of 1st period - Shot by Darnell Nurse.
7:29 of 1st period - Shot Blocked by Brent Burns.
7:49 of 1st period - Sidney Crosby is hit by Evander Kane and loses puck.
8:00 of 1st period - Shot by Mattias Ekholm.
8:00 of 1st period - Shot Misses the Net.
8:12 of 1st period - Shot by James van Riemsdyk.
8:12 of 1st period - Stopped by Robin Lehner without a rebound.
8:13 of 1st period - Adam Lowry wins face-off versus Teddy Blueger in Oilers zone.
8:18 of 1st period - Teddy Blueger is hit by Adam Lowry and loses puck.
8:39 of 1st period - Shot by Jason Zucker.
8:39 of 1st period - Stopped by Darcy Kuemper without a rebound.
8:40 of 1st period - Derick Brassard wins face-off versus Barrett Hayton in Stars zone.
8:55 of 1st period - Andreas Athanasiou is hit by Derick Brassard and loses puck.
9:01 of 1st period - Jacob Trouba is hit by Darnell Nurse and loses puck.
9:04 of 1st period - Shot by Jacob Trouba.
9:04 of 1st period - Shot Misses the Net.
9:56 of 1st period - Shot by Joe Pavelski.
9:56 of 1st period - Deflect By Yanni Gourde.
9:56 of 1st period - Shot Misses the Net.
10:06 of 1st period - Shot by Yanni Gourde.
10:06 of 1st period - Stopped by Darcy Kuemper without a rebound.
10:07 of 1st period - Nazem Kadri wins face-off versus Adam Lowry in Stars zone.
10:07 of 1st period - Nazem Kadri is hit by Adam Lowry.
10:15 of 1st period - Shot by Nazem Kadri.
10:15 of 1st period - Stopped by Robin Lehner without a rebound.
10:16 of 1st period - Ryan Johansen wins face-off versus Nazem Kadri in Oilers zone.
10:27 of 1st period - Shot by Brent Burns.
10:27 of 1st period - Shot Misses the Net.
10:29 of 1st period - Shot by Jacob Trouba.
10:29 of 1st period - Stopped by Darcy Kuemper with a rebound.
10:31 of 1st period - Shot by Brent Burns.
10:31 of 1st period - Shot Blocked by Duncan Keith.
10:33 of 1st period - Shot by Ryan Johansen.
10:33 of 1st period - Goal by Ryan Johansen - Oilers : 2 - Stars : 0.
10:34 of 1st period - Ryan Getzlaf wins face-off versus Derick Brassard in neutral zone.
10:37 of 1st period - Shot by Yanni Gourde.
10:37 of 1st period - Stopped by Darcy Kuemper without a rebound.
10:38 of 1st period - Sidney Crosby wins face-off versus Joe Pavelski in Stars zone.
10:38 of 1st period - Jon Marchessault is hit by Ryan Getzlaf and loses puck.
10:45 of 1st period - Shot by Ryan Getzlaf.
10:45 of 1st period - Stopped by Darcy Kuemper without a rebound.
10:46 of 1st period - Adam Lowry wins face-off versus Sidney Crosby in Stars zone.
10:54 of 1st period - Sidney Crosby is hit by Adam Lowry and loses puck.
11:10 of 1st period - Minor Penalty to Jon Marchessault for Hooking.
11:11 of 1st period - Ryan Johansen wins face-off versus Teddy Blueger in Stars zone.
11:12 of 1st period - Shot by Jacob Trouba.
11:12 of 1st period - Shot Misses the Net.
11:14 of 1st period - Shot by Jacob Trouba.
11:14 of 1st period - Shot Blocked by Teddy Blueger.
11:28 of 1st period - Shot by Jacob Trouba.
11:28 of 1st period - Stopped by Darcy Kuemper with a rebound.
12:18 of 1st period - Shot by Gustav Nyquist.
12:18 of 1st period - Stopped by Darcy Kuemper with a rebound.
12:25 of 1st period - Icing by Travis Hamonic.
12:26 of 1st period - Sidney Crosby wins face-off versus Ryan Getzlaf in Oilers zone.
13:46 of 1st period - Shot by Nazem Kadri.
13:46 of 1st period - Stopped by Robin Lehner with a rebound.
13:59 of 1st period - Icing by Scott Mayfield.
14:00 of 1st period - Andreas Athanasiou wins face-off versus Nazem Kadri in Stars zone.
14:01 of 1st period - Shot by Alexander Kerfoot.
14:01 of 1st period - Stopped by Darcy Kuemper without a rebound.
14:02 of 1st period - Sidney Crosby wins face-off versus Barrett Hayton in Stars zone.
14:11 of 1st period - Shot by Sidney Crosby.
14:11 of 1st period - Stopped by Robin Lehner without a rebound.
14:12 of 1st period - Ryan Getzlaf wins face-off versus Derick Brassard in Oilers zone.
14:32 of 1st period - Shot by Joe Pavelski.
14:32 of 1st period - Stopped by Darcy Kuemper without a rebound.
14:33 of 1st period - Sidney Crosby wins face-off versus Evander Kane in Stars zone.
15:11 of 1st period - Duncan Keith is hit by Evander Kane and loses puck.
15:36 of 1st period - Shot by Nazem Kadri.
15:36 of 1st period - Deflect By Evgenii Dadonov.
15:36 of 1st period - Shot Misses the Net.
15:55 of 1st period - Shot by Nazem Kadri.
15:55 of 1st period - Stopped by Robin Lehner without a rebound.
15:56 of 1st period - Adam Lowry wins face-off versus Derick Brassard in Oilers zone.
16:19 of 1st period - Shot by Jason Zucker.
16:19 of 1st period - Shot Misses the Net.
16:22 of 1st period - Minor Penalty to Adam Lowry for Tripping.
16:23 of 1st period - Andreas Athanasiou wins face-off versus Sidney Crosby in Oilers zone.
16:31 of 1st period - Icing by Duncan Keith.
16:32 of 1st period - Sidney Crosby wins face-off versus Andreas Athanasiou in Stars zone.
18:07 of 1st period - Icing by Darnell Nurse.
18:08 of 1st period - Sidney Crosby wins face-off versus Alexander Kerfoot in Stars zone.
18:25 of 1st period - Shot by Ilya Mikheyev.
18:25 of 1st period - Shot Misses the Net.
18:45 of 1st period - Yanni Gourde is hit by Derick Brassard and loses puck.
19:23 of 1st period - Icing by Travis Hamonic.
19:24 of 1st period - Sidney Crosby wins face-off versus Adam Lowry in Oilers zone.
19:49 of 1st period - Shot by James van Riemsdyk.
19:49 of 1st period - Stopped by Robin Lehner without a rebound.
19:50 of 1st period - Ryan Johansen wins face-off versus Nazem Kadri in Oilers zone.
19:50 of 1st period - Ryan Johansen is hit by Nazem Kadri.
19:53 of 1st period - Icing by Gustav Nyquist.
19:54 of 1st period - Ryan Johansen wins face-off versus Nazem Kadri in Oilers zone.
19:56 of 1st period - Evander Kane is hit by Tyler Toffoli and loses puck.
Goals for this period are 2 for Oilers vs 0 for Stars.
Shots for this period are 12 for Oilers vs 8 for Stars.

2nd period


0:01 of 2nd period - Sidney Crosby wins face-off versus Ryan Getzlaf in neutral zone.
0:19 of 2nd period - Shot by Travis Hamonic.
0:19 of 2nd period - Stopped by Darcy Kuemper without a rebound.
0:20 of 2nd period - Ryan Johansen wins face-off versus Nazem Kadri in Stars zone.
0:20 of 2nd period - Ryan Johansen is hit by Mattias Ekholm.
0:57 of 2nd period - Evander Kane is hit by Mattias Ekholm and loses puck.
1:09 of 2nd period - Icing by Brent Burns.
1:10 of 2nd period - Ryan Johansen wins face-off versus Sidney Crosby in Oilers zone.
1:38 of 2nd period - Gustav Nyquist is hit by Jon Marchessault and loses puck.
2:18 of 2nd period - Minor Penalty to Yanni Gourde for Holding.
2:19 of 2nd period - Nazem Kadri wins face-off versus Andreas Athanasiou in Oilers zone.
2:20 of 2nd period - Shot by John Klingberg.
2:20 of 2nd period - Stopped by Robin Lehner with a rebound.
2:22 of 2nd period - Shot by Sami Vatanen.
2:22 of 2nd period - Stopped by Robin Lehner without a rebound.
2:23 of 2nd period - Nazem Kadri wins face-off versus Andreas Athanasiou in Oilers zone.
2:26 of 2nd period - Shot by John Klingberg.
2:26 of 2nd period - Deflect By Evgenii Dadonov.
2:26 of 2nd period - Shot Blocked by Justin Braun.
2:28 of 2nd period - Shot by Sami Vatanen.
2:28 of 2nd period - Shot Misses the Net.
2:30 of 2nd period - Shot by John Klingberg.
2:30 of 2nd period - Shot Misses the Net.
2:34 of 2nd period - Shot by Sami Vatanen.
2:34 of 2nd period - Goal by Sami Vatanen - Oilers : 2 - Stars : 1.
2:35 of 2nd period - Teddy Blueger wins face-off versus Ryan Getzlaf in neutral zone.
2:38 of 2nd period - Ryan Getzlaf is hit by Pat Maroon and loses puck.
3:39 of 2nd period - Justin Braun is hit by Nazem Kadri and loses puck.
3:54 of 2nd period - Shot by Nazem Kadri.
3:54 of 2nd period - Shot Misses the Net.
3:56 of 2nd period - Shot by Evgenii Dadonov.
3:56 of 2nd period - Shot Misses the Net.
3:58 of 2nd period - Shot by Scott Mayfield.
3:58 of 2nd period - Stopped by Robin Lehner without a rebound.
3:59 of 2nd period - Sidney Crosby wins face-off versus Barrett Hayton in Oilers zone.
4:03 of 2nd period - Icing by Andreas Athanasiou.
4:04 of 2nd period - Sidney Crosby wins face-off versus Barrett Hayton in Oilers zone.
4:10 of 2nd period - Off-side.
4:11 of 2nd period - Ryan Getzlaf wins face-off versus Jon Marchessault in neutral zone.
4:33 of 2nd period - Ryan Getzlaf is hit by Sidney Crosby and loses puck.
4:40 of 2nd period - Shot by James van Riemsdyk.
4:40 of 2nd period - Stopped by Robin Lehner without a rebound.
4:41 of 2nd period - Ryan Johansen wins face-off versus Tyler Toffoli in Oilers zone.
4:41 of 2nd period - Gustav Nyquist is hit by Tyler Toffoli and loses puck.
4:45 of 2nd period - Icing by Ryan Johansen.
4:46 of 2nd period - Ryan Johansen wins face-off versus Nazem Kadri in Oilers zone.
4:46 of 2nd period - Ryan Johansen is hit by Nazem Kadri.
5:03 of 2nd period - Shot by Ryan Johansen.
5:03 of 2nd period - Stopped by Darcy Kuemper without a rebound.
5:04 of 2nd period - Ryan Getzlaf wins face-off versus Sidney Crosby in Stars zone.
5:21 of 2nd period - Shot by Yanni Gourde.
5:21 of 2nd period - Shot Blocked by James van Riemsdyk.
5:33 of 2nd period - Shot by Ryan Getzlaf.
5:33 of 2nd period - Stopped by Darcy Kuemper without a rebound.
5:34 of 2nd period - Ryan Johansen wins face-off versus Nazem Kadri in Stars zone.
5:46 of 2nd period - Nazem Kadri is hit by Evander Kane and loses puck.
5:54 of 2nd period - Evander Kane is hit by John Klingberg and loses puck.
6:51 of 2nd period - Shot by James van Riemsdyk.
6:51 of 2nd period - Shot Blocked by Jacob Trouba.
6:57 of 2nd period - Shot by Sidney Crosby.
6:57 of 2nd period - Deflect By James van Riemsdyk.
6:57 of 2nd period - Shot Blocked by Jacob Trouba.
6:59 of 2nd period - Shot by Duncan Keith.
6:59 of 2nd period - Deflect By James van Riemsdyk.
6:59 of 2nd period - Stopped by Robin Lehner without a rebound.
7:00 of 2nd period - Yanni Gourde wins face-off versus Derick Brassard in Oilers zone.
7:00 of 2nd period - Yanni Gourde is hit by Derick Brassard.
8:17 of 2nd period - Sidney Crosby is hit by Jacob Trouba and loses puck.
8:45 of 2nd period - Shot by Gustav Nyquist.
8:45 of 2nd period - Shot Blocked by Duncan Keith.
8:47 of 2nd period - Shot by Evander Kane.
8:47 of 2nd period - Shot Misses the Net.
9:33 of 2nd period - Shot by Jason Zucker.
9:33 of 2nd period - Shot Blocked by Nazem Kadri.
10:41 of 2nd period - Teddy Blueger is hit by Andreas Athanasiou and loses puck.
10:56 of 2nd period - Shot by Andreas Athanasiou.
10:56 of 2nd period - Stopped by Darcy Kuemper without a rebound.
10:57 of 2nd period - Sidney Crosby wins face-off versus Ryan Johansen in Stars zone.
11:04 of 2nd period - Shot by Ryan Johansen.
11:04 of 2nd period - Shot Blocked by Darnell Nurse.
11:16 of 2nd period - Sidney Crosby is hit by Evander Kane and loses puck.
11:51 of 2nd period - Shot by Pavel Buchnevich.
11:51 of 2nd period - Shot Blocked by Darnell Nurse.
11:53 of 2nd period - Shot by Pavel Buchnevich.
11:53 of 2nd period - Stopped by Darcy Kuemper without a rebound.
11:54 of 2nd period - Derick Brassard wins face-off versus Ryan Getzlaf in Stars zone.
12:01 of 2nd period - Shot by Derick Brassard.
12:01 of 2nd period - Stopped by Robin Lehner with a rebound.
12:03 of 2nd period - Shot by Josh Leivo.
12:03 of 2nd period - Stopped by Robin Lehner with a rebound.
12:25 of 2nd period - Shot by Ilya Mikheyev.
12:25 of 2nd period - Deflect By Josh Leivo.
12:25 of 2nd period - Stopped by Robin Lehner without a rebound.
12:26 of 2nd period - Nazem Kadri wins face-off versus Adam Lowry in Oilers zone.
12:26 of 2nd period - Sami Vatanen is hit by Jacob Trouba and loses puck.
12:34 of 2nd period - Nazem Kadri is hit by Jacob Trouba and loses puck.
12:47 of 2nd period - Shot by Nazem Kadri.
12:47 of 2nd period - Stopped by Robin Lehner without a rebound.
12:48 of 2nd period - Pat Maroon wins face-off versus Ryan Johansen in Oilers zone.
12:48 of 2nd period - Pat Maroon is hit by Vladislav Gavrikov.
12:55 of 2nd period - Icing by Justin Braun.
12:56 of 2nd period - Ryan Johansen wins face-off versus Sidney Crosby in Oilers zone.
12:56 of 2nd period - Evander Kane is hit by Jon Marchessault and loses puck.
13:05 of 2nd period - Shot by Gustav Nyquist.
13:05 of 2nd period - Stopped by Darcy Kuemper without a rebound.
13:06 of 2nd period - Nazem Kadri wins face-off versus Ryan Getzlaf in Stars zone.
13:30 of 2nd period - Shot by Nazem Kadri.
13:30 of 2nd period - Stopped by Robin Lehner without a rebound.
13:31 of 2nd period - Ryan Johansen wins face-off versus Sidney Crosby in Oilers zone.
15:01 of 2nd period - Icing by Darnell Nurse.
15:02 of 2nd period - Adam Lowry wins face-off versus Tyler Toffoli in Stars zone.
15:15 of 2nd period - Shot by Jason Zucker.
15:15 of 2nd period - Shot Misses the Net.
15:19 of 2nd period - Shot by Jason Zucker.
15:19 of 2nd period - Stopped by Darcy Kuemper without a rebound.
15:20 of 2nd period - Ryan Johansen wins face-off versus Ilya Mikheyev in Stars zone.
15:20 of 2nd period - Evander Kane is hit by Sami Vatanen and loses puck.
15:27 of 2nd period - Shot by Derick Brassard.
15:27 of 2nd period - Deflect By Josh Leivo.
15:27 of 2nd period - Stopped by Robin Lehner without a rebound.
15:28 of 2nd period - Ryan Johansen wins face-off versus Derick Brassard in Oilers zone.
15:33 of 2nd period - Shot by Evander Kane.
15:33 of 2nd period - Shot Misses the Net.
15:46 of 2nd period - Gustav Nyquist is hit by Ilya Mikheyev and loses puck.
17:11 of 2nd period - Off-side.
17:12 of 2nd period - Matthew Nieto wins face-off versus Jason Zucker in neutral zone.
17:12 of 2nd period - Sami Vatanen is hit by Adam Lowry.
17:13 of 2nd period - Minor Penalty to Adam Lowry for Roughing.
17:14 of 2nd period - Andreas Athanasiou wins face-off versus Sidney Crosby in Oilers zone.
17:38 of 2nd period - Sidney Crosby is hit by Mark Pysyk.
18:01 of 2nd period - Icing by Duncan Keith.
18:02 of 2nd period - Nazem Kadri wins face-off versus Andreas Athanasiou in Stars zone.
19:23 of 2nd period - Shot by Ilya Mikheyev.
19:23 of 2nd period - Shot Misses the Net.
19:25 of 2nd period - Shot by Josh Leivo.
19:25 of 2nd period - Stopped by Robin Lehner without a rebound.
19:26 of 2nd period - Teddy Blueger wins face-off versus Adam Lowry in Oilers zone.
19:35 of 2nd period - Shot by Pat Maroon.
19:35 of 2nd period - Stopped by Robin Lehner without a rebound.
19:36 of 2nd period - Derick Brassard wins face-off versus Ryan Getzlaf in Oilers zone.
Goals for this period are 0 for Oilers vs 1 for Stars.
Shots for this period are 7 for Oilers vs 14 for Stars.

3rd period


0:01 of 3rd period - Sidney Crosby wins face-off versus Ryan Getzlaf in neutral zone.
0:04 of 3rd period - Jacob Trouba is hit by Sidney Crosby and loses puck.
0:17 of 3rd period - Shot by James van Riemsdyk.
0:17 of 3rd period - Shot Misses the Net.
0:57 of 3rd period - Shot by Tyler Toffoli.
0:57 of 3rd period - Stopped by Robin Lehner without a rebound.
0:58 of 3rd period - Derick Brassard wins face-off versus Ryan Johansen in Oilers zone.
1:03 of 3rd period - Shot by Derick Brassard.
1:03 of 3rd period - Stopped by Robin Lehner without a rebound.
1:04 of 3rd period - Nazem Kadri wins face-off versus Ryan Johansen in Oilers zone.
1:05 of 3rd period - Shot by Evgenii Dadonov.
1:05 of 3rd period - Stopped by Robin Lehner without a rebound.
1:06 of 3rd period - Ryan Johansen wins face-off versus Nazem Kadri in Oilers zone.
1:15 of 3rd period - John Klingberg is hit by Evander Kane and loses puck.
1:31 of 3rd period - John Klingberg is hit by Evander Kane and loses puck.
3:29 of 3rd period - Shot by Vladislav Gavrikov.
3:29 of 3rd period - Deflect By Pavel Buchnevich.
3:29 of 3rd period - Shot Blocked by Ilya Mikheyev.
3:31 of 3rd period - Shot by Adam Lowry.
3:31 of 3rd period - Goal by Adam Lowry - Oilers : 3 - Stars : 1.
3:32 of 3rd period - Barrett Hayton wins face-off versus Teddy Blueger in neutral zone.
3:32 of 3rd period - Barrett Hayton is hit by Pat Maroon.
4:03 of 3rd period - Shot by Teddy Blueger.
4:03 of 3rd period - Stopped by Robin Lehner without a rebound.
4:04 of 3rd period - Nazem Kadri wins face-off versus Adam Lowry in Oilers zone.
4:17 of 3rd period - Nazem Kadri is hit by Jacob Trouba and loses puck.
4:32 of 3rd period - Shot by Nazem Kadri.
4:32 of 3rd period - Stopped by Robin Lehner without a rebound.
4:33 of 3rd period - Ryan Getzlaf wins face-off versus Derick Brassard in Oilers zone.
5:13 of 3rd period - Shot by John Klingberg.
5:13 of 3rd period - Stopped by Robin Lehner with a rebound.
5:37 of 3rd period - Shot by Teddy Blueger.
5:37 of 3rd period - Stopped by Robin Lehner without a rebound.
5:38 of 3rd period - Sidney Crosby wins face-off versus Adam Lowry in Oilers zone.
5:39 of 3rd period - Shot by Sami Vatanen.
5:39 of 3rd period - Shot Misses the Net.
5:41 of 3rd period - Shot by Jon Marchessault.
5:41 of 3rd period - Shot Misses the Net.
5:43 of 3rd period - Shot by Sami Vatanen.
5:43 of 3rd period - Shot Misses the Net.
6:03 of 3rd period - Shot by Sidney Crosby.
6:03 of 3rd period - Shot Blocked by Jacob Trouba.
6:05 of 3rd period - Shot by Scott Mayfield.
6:05 of 3rd period - Shot Blocked by Jacob Trouba.
6:07 of 3rd period - Shot by Scott Mayfield.
6:07 of 3rd period - Shot Blocked by Jacob Trouba.
6:11 of 3rd period - Shot by Sidney Crosby.
6:11 of 3rd period - Shot Misses the Net.
7:04 of 3rd period - Icing by Justin Braun.
7:05 of 3rd period - Ryan Johansen wins face-off versus Derick Brassard in Oilers zone.
7:19 of 3rd period - Shot by Ilya Mikheyev.
7:19 of 3rd period - Stopped by Robin Lehner without a rebound.
7:20 of 3rd period - Ryan Getzlaf wins face-off versus Teddy Blueger in Oilers zone.
7:20 of 3rd period - Ryan Getzlaf is hit by Pat Maroon.
7:41 of 3rd period - Yanni Gourde is hit by Mattias Ekholm and loses puck.
7:57 of 3rd period - Yanni Gourde is hit by John Klingberg and loses puck.
8:36 of 3rd period - Shot by James van Riemsdyk.
8:36 of 3rd period - Shot Misses the Net.
8:42 of 3rd period - Shot by Sidney Crosby.
8:42 of 3rd period - Shot Blocked by Jacob Trouba.
9:03 of 3rd period - Travis Hamonic is hit by Nazem Kadri and loses puck.
9:13 of 3rd period - Shot by Nazem Kadri.
9:13 of 3rd period - Stopped by Robin Lehner with a rebound.
9:16 of 3rd period - Icing by Travis Hamonic.
9:17 of 3rd period - Barrett Hayton wins face-off versus Derick Brassard in Oilers zone.
9:35 of 3rd period - Off-side.
9:36 of 3rd period - Nazem Kadri wins face-off versus Ryan Getzlaf in neutral zone.
9:38 of 3rd period - John Klingberg is hit by Brent Burns and loses puck.
9:41 of 3rd period - Shot by Nazem Kadri.
9:41 of 3rd period - Stopped by Robin Lehner without a rebound.
9:42 of 3rd period - Nazem Kadri wins face-off versus Ryan Getzlaf in Oilers zone.
10:50 of 3rd period - Sidney Crosby is hit by Vladislav Gavrikov and loses puck.
10:51 of 3rd period - Minor Penalty to Justin Braun for Slashing.
10:52 of 3rd period - Nazem Kadri wins face-off versus Andreas Athanasiou in Oilers zone.
10:57 of 3rd period - Shot by Jon Marchessault.
10:57 of 3rd period - Stopped by Robin Lehner without a rebound.
10:58 of 3rd period - Evgenii Dadonov wins face-off versus Andreas Athanasiou in Oilers zone.
11:13 of 3rd period - Shot by Evgenii Dadonov.
11:13 of 3rd period - Shot Misses the Net.
11:15 of 3rd period - Shot by Tyler Toffoli.
11:15 of 3rd period - Stopped by Robin Lehner without a rebound.
11:16 of 3rd period - Nazem Kadri wins face-off versus Andreas Athanasiou in Oilers zone.
11:27 of 3rd period - Shot by Duncan Keith.
11:27 of 3rd period - Stopped by Robin Lehner without a rebound.
11:28 of 3rd period - Nazem Kadri wins face-off versus Alexander Kerfoot in Oilers zone.
11:29 of 3rd period - Shot by Sami Vatanen.
11:29 of 3rd period - Stopped by Robin Lehner with a rebound.
11:39 of 3rd period - Shot by James van Riemsdyk.
11:39 of 3rd period - Shot Blocked by Brent Burns.
11:41 of 3rd period - Shot by John Klingberg.
11:41 of 3rd period - Shot Misses the Net.
11:43 of 3rd period - Shot by James van Riemsdyk.
11:43 of 3rd period - Shot Blocked by Jacob Trouba.
11:45 of 3rd period - Shot by Sami Vatanen.
11:45 of 3rd period - Stopped by Robin Lehner without a rebound.
11:46 of 3rd period - Adam Lowry wins face-off versus Evgenii Dadonov in Oilers zone.
12:15 of 3rd period - Shot by Duncan Keith.
12:15 of 3rd period - Shot Blocked by Brent Burns.
12:17 of 3rd period - Shot by Duncan Keith.
12:17 of 3rd period - Shot Blocked by Brent Burns.
12:55 of 3rd period - Shot by Ryan Getzlaf.
12:55 of 3rd period - Stopped by Darcy Kuemper without a rebound.
12:56 of 3rd period - Ryan Getzlaf wins face-off versus Derick Brassard in Stars zone.
13:23 of 3rd period - Shot by Yanni Gourde.
13:23 of 3rd period - Shot Misses the Net.
13:25 of 3rd period - Shot by Yanni Gourde.
13:25 of 3rd period - Stopped by Darcy Kuemper without a rebound.
13:26 of 3rd period - Adam Lowry wins face-off versus Teddy Blueger in Stars zone.
14:35 of 3rd period - Shot by Sidney Crosby.
14:35 of 3rd period - Shot Blocked by Brent Burns.
14:51 of 3rd period - Shot by Ryan Getzlaf.
14:51 of 3rd period - Shot Misses the Net.
14:53 of 3rd period - Shot by Mark Pysyk.
14:53 of 3rd period - Shot Misses the Net.
14:55 of 3rd period - Shot by Ryan Getzlaf.
14:55 of 3rd period - Goal by Ryan Getzlaf - Oilers : 4 - Stars : 1.
14:56 of 3rd period - Nazem Kadri wins face-off versus Ryan Johansen in neutral zone.
14:59 of 3rd period - Justin Braun is hit by Nazem Kadri.
15:03 of 3rd period - Vladislav Gavrikov is hit by Nazem Kadri and loses puck.
15:21 of 3rd period - Icing by Sami Vatanen.
15:22 of 3rd period - Yanni Gourde wins face-off versus Nazem Kadri in Stars zone.
15:28 of 3rd period - Icing by Sami Vatanen.
15:29 of 3rd period - Nazem Kadri wins face-off versus Joe Pavelski in Stars zone.
15:56 of 3rd period - Shot by Yanni Gourde.
15:56 of 3rd period - Stopped by Darcy Kuemper without a rebound.
15:57 of 3rd period - Sidney Crosby wins face-off versus Ryan Johansen in Stars zone.
16:02 of 3rd period - Gustav Nyquist is hit by Jon Marchessault.
16:07 of 3rd period - Icing by Ryan Johansen.
16:08 of 3rd period - Derick Brassard wins face-off versus Ryan Johansen in Oilers zone.
16:08 of 3rd period - Derick Brassard is hit by Justin Braun.
16:22 of 3rd period - Shot by Ilya Mikheyev.
16:22 of 3rd period - Shot Misses the Net.
16:24 of 3rd period - Shot by Duncan Keith.
16:24 of 3rd period - Stopped by Robin Lehner without a rebound.
16:25 of 3rd period - Ryan Getzlaf wins face-off versus Sidney Crosby in Oilers zone.
16:39 of 3rd period - Shot by Sidney Crosby.
16:39 of 3rd period - Stopped by Robin Lehner without a rebound.
16:40 of 3rd period - Ryan Johansen wins face-off versus Nazem Kadri in Oilers zone.
16:40 of 3rd period - Ryan Johansen is hit by Nazem Kadri.
17:06 of 3rd period - Shot by Evgenii Dadonov.
17:06 of 3rd period - Shot Misses the Net.
17:09 of 3rd period - Icing by Brent Burns.
17:10 of 3rd period - Sidney Crosby wins face-off versus Ryan Johansen in Oilers zone.
17:34 of 3rd period - Evander Kane is hit by Mattias Ekholm.
18:03 of 3rd period - Shot by Joe Pavelski.
18:03 of 3rd period - Shot Blocked by John Klingberg.
18:05 of 3rd period - Shot by Travis Hamonic.
18:05 of 3rd period - Shot Blocked by John Klingberg.
18:07 of 3rd period - Shot by Yanni Gourde.
18:07 of 3rd period - Stopped by Darcy Kuemper without a rebound.
18:08 of 3rd period - Nazem Kadri wins face-off versus Adam Lowry in Stars zone.
18:08 of 3rd period - Nazem Kadri is hit by Adam Lowry.
18:14 of 3rd period - Shot by Tyler Toffoli.
18:14 of 3rd period - Stopped by Robin Lehner without a rebound.
18:15 of 3rd period - Adam Lowry wins face-off versus Nazem Kadri in Oilers zone.
18:28 of 3rd period - Shot by Pavel Buchnevich.
18:28 of 3rd period - Shot Misses the Net.
18:30 of 3rd period - Shot by Vladislav Gavrikov.
18:30 of 3rd period - Stopped by Darcy Kuemper without a rebound.
18:31 of 3rd period - Derick Brassard wins face-off versus Ryan Getzlaf in Stars zone.
19:30 of 3rd period - Evander Kane is hit by Nazem Kadri.
19:43 of 3rd period - Shot by Gustav Nyquist.
19:43 of 3rd period - Deflect By Ryan Johansen.
19:43 of 3rd period - Stopped by Darcy Kuemper with a rebound.
19:45 of 3rd period - Shot by Evander Kane.
19:45 of 3rd period - Shot Misses the Net.
Goals for this period are 2 for Oilers vs 0 for Stars.
Shots for this period are 8 for Oilers vs 18 for Stars.